 Dungeon Crawl Stone Soup version 0.16.1-18-g436b03c (webtiles) character file.

67 Leviathan2552 the Caller (level 4, -4/24 HPs)
             Began as a Tengu Summoner on May 2, 2015.
             Slain by an orc
             ... wielding a +0 morningstar
              (7 damage)
             ... on level 2 of the Dungeon.
             The game lasted 00:12:00 (1712 turns).

Leviathan2552 the Caller (Tengu Summoner)           Turns: 1712, Time: 00:12:00

Health: -4/24      AC:  2    Str:  8    XL:     4   Next: 18%
Magic:  4/8        EV: 12    Int: 17    God:
Gold:   125        SH:  0    Dex: 14    Spells: 3 memorised, 1 level left

rFire  . . .     SeeInvis .     f - +2 whip (flame)
rCold  . . .     Clarity  .     a - +0 robe
rNeg   . . .     SustAb   .     (no shield)
rPois  .         Gourm    .     (helmet restricted)
rElec  .         Spirit   .     (no cloak)
rCorr  .         Warding  .     (no gloves)
rMut   .         Stasis   .     (boots unavailable)
MR     .....                    (no amulet)
Stlth  +.........               (no ring)
                                (no ring)

@: confused, not resistant to hostile enchantments, very unstealthy
A: beak, talons 3
a: no special abilities


You were on level 2 of the Dungeon.
You were hungry.

You visited 1 branch of the dungeon, and saw 3 of its levels.

You collected 125 gold pieces.

Inventory:

Hand weapons
 f - a +2 whip of flaming (weapon)
 g - a +0 short sword
Armour
 a - a +0 robe (worn)
Scrolls
 h - 2 scrolls of recharging {unknown}
 i - a scroll of enchant weapon {unknown}
 j - 2 scrolls of identify {unknown}
 k - a scroll of remove curse {unknown}
 l - a scroll of blinking {unknown}
 o - 3 scrolls of teleportation {unknown}
 t - a scroll of noise {unknown}
Potions
 e - a potion of haste {unknown}
 m - a potion of agility {unknown}
 n - a potion of curing {unknown}
 r - 2 potions of invisibility {unknown}
 s - 2 potions of magic {unknown}
Books
 b - a book of Callings

   Spells                             Type                      Level
   a - Summon Small Mammal            Summoning                    1
   b - Call Imp                       Summoning                    2
   c - Call Canine Familiar           Summoning                    3
   d - Summon Guardian Golem          Hexes/Summoning              4
   e - Summon Lightning Spire         Summoning/Air                4
   f - Summon Ice Beast               Ice/Summoning                4
Comestibles
 c - 2 bread rations
 d - 6 chunks of flesh
 p - a meat ration
 q - a fruit
 u - a beef jerky


   Skills:
 * Level 0.6 Fighting
 * Level 1.4 Maces & Flails
 + Level 2.3 Dodging
 + Level 2.2 Stealth
 + Level 2.2 Spellcasting
 * Level 5.9 Summonings


You had one spell level left.
You knew the following spells:

 Your Spells              Type           Power        Failure   Level  Hunger
a - Summon Small Mammal   Summ           ###.         1%          1    #......
b - Call Imp              Summ           ###.....     2%          2    ###....
c - Call Canine Familiar  Summ           ###.....     8%          3    ###....


Dungeon Overview and Level Annotations

Branches:
Dungeon (3/15)

Altars:
Xom


Innate Abilities, Weirdness & Mutations

You have a beak for a mouth.
You have claws for feet.


Message History

What do you say? t - Shout!
Orders for allies: a - Attack new target. r - Retreat! s - Stop attacking. w - Wait here. f - Follow me.
Anything else - Stay silent.
Gang up on whom?
Press: ? - help, Dir - move target cursor There's nothing there!
What do you say? t - Shout!
Orders for allies: a - Attack new target. r - Retreat! s - Stop attacking. w - Wait here. f - Follow me.
Anything else - Stay silent.
Gang up on whom?
Press: ? - help, Dir - move target cursor, f - orc
Aim: an orc, wielding a morningstar and wearing a chain mail Attack!
Your hound barely misses the orc.
The orc hits you with a morningstar!
You die...

...##.....# #.# #.#
#.......# #####.....# #.#
#.# #.####### #....)####'##
#.# #.# #
###...).....#####<# #.# #
#...).(......)..###'## #
#............)...(...######
#..............#.....'.....
####...........#.....######
#......@....#.....#
###....{o.....#.....#
#.......h.....#.....#
#.....>...#####.....#
#........(# #...>.#
#.........#####.....#
#.........##........#
#.........##.......##
#.........##.......#


You could see an orc and a friendly hound.

Vanquished Creatures
  A giant gecko (D:1)
  2 oozes
  2 goblins (D:1)
  4 hobgoblins
  A jackal (D:1)
  A kobold (D:1)
  5 bats (D:1)
  2 giant cockroaches
  A giant newt (D:1)
  2 rats (D:1)
21 creatures vanquished.

Vanquished Creatures (collateral kills)
  Ijyb (D:2)
  An adder (D:2)
  2 worms (D:2)
  3 orcs (D:2)
  2 bats (D:1)
  A giant cockroach (D:2)
  A hobgoblin (D:2)
  A jackal (D:1)
  A ball python (D:2)
  2 giant newts (D:1)
  A goblin (D:1)
  2 kobolds
  A rat (D:1)
19 creatures vanquished.

Vanquished Creatures (others)
  A bat (D:1)
  A rat (D:1)
2 creatures vanquished.

Grand Total: 42 creatures vanquished

Notes
Turn   | Place    | Note
--------------------------------------------------------------
     0 | D:1      | Leviathan2552, the Tengu Summoner, began the quest for the Orb.
     0 | D:1      | Reached XP level 1. HP: 10/10 MP: 3/3
    36 | D:1      | Reached skill level 5 in Summonings
   187 | D:1      | Reached XP level 2. HP: 15/15 MP: 3/5
   214 | D:1      | Learned a level 2 spell: Call Imp
   863 | D:1      | Reached XP level 3. HP: 19/19 MP: 4/7
   881 | D:1      | Learned a level 3 spell: Call Canine Familiar
  1110 | D:2      | Noticed Ijyb
  1124 | D:2      | Killed Ijyb
  1315 | D:2      | Reached skill level 1 in Maces & Flails
  1319 | D:2      | Reached XP level 4. HP: 22/24 MP: 5/8
  1388 | D:2      | Found a shimmering altar of Xom.
  1712 | D:2      | Slain by an orc

Action                   |  1- 3 |  4- 6 || total
-------------------------+-------+-------++-------
Melee: Unarmed           |     6 |       ||     6
       Whip              |    52 |       ||    52
       Dagger            |     2 |       ||     2
 Cast: Summon Small Mamm |     8 |       ||     8
       Call Imp          |     1 |     1 ||     2
       Call Canine Famil |     5 |     2 ||     7
 Stab: Sleeping          |     2 |       ||     2
       Distracted        |     2 |       ||     2
  Eat: Chunk             |     2 |     1 ||     3
